 Dungeon Crawl Stone Soup version 0.28-a0-1622-gc30f734a66 (webtiles) character file.

Game seed: 5210011293942634046

307 Bzinder the Vexing (level 6, 0/28 HPs)
             Began as a Spriggan Enchanter on Jan 23, 2022.
             Slain by a mummy (15 damage)
             ... in an ossuary.
             The game lasted 00:09:39 (5696 turns).

Bzinder the Vexing (Spriggan Enchanter)             Turns: 5696, Time: 00:09:40

Health: 0/28       AC:  3    Str:  6    XL:     6   Next: 16%
Magic:  12/15      EV: 17    Int: 17    God:
Gold:   125        SH:  0    Dex: 15    Spells: 5/16 levels left

rFire   . . .      SeeInvis +   a - +1 dagger
rCold   . . .      Faith    .   (no shield)
rNeg    . . .      Spirit   .   b - +0 robe
rPois   .          Reflect  .   (helmet restricted)
rElec   .          Harm     .   e - +0 cloak
rCorr   .          Rampage  .   (gloves unavailable)
Will    ++...                   (boots unavailable)
Stlth   +++.......              (no amulet)
HPRegen 0.09/turn               f - ring of willpower
MPRegen 0.14/turn               i - +4 ring of slaying

@: confusing by touch, very quick
A: very small, no large weapons, unfitting armour, see invisible, speed 3
a: no special abilities


You were in an ossuary.
You visited 1 branch of the dungeon, and saw 4 of its levels.
You also visited: Ossuary.

You collected 125 gold pieces.

Inventory:

Hand Weapons
 a - a +1 dagger (weapon)
 g - a +2 short sword of venom
Missiles
 d - 10 poisoned darts (quivered)
Armour
 b - a +0 robe (worn)
 e - a +0 cloak (worn)
Jewellery
 f - a ring of willpower (left hand)
 i - a +4 ring of slaying (right hand)
Potions
 c - a potion of invisibility
 h - a potion of brilliance
 j - a potion of magic
 k - a potion of might
 l - a potion of heal wounds {unknown}
 m - a potion of degeneration {unknown}
 n - a potion of haste {unknown}
 o - 2 potions of berserk rage


   Skills:
 - Level 1.1 Short Blades
 - Level 2.6 Dodging
 + Level 5.4 Stealth
 + Level 5.6 Spellcasting
 + Level 6.2 Hexes


You had 5 spell levels left.
You knew the following spells:

 Your Spells              Type           Power      Damage    Failure   Level
a - Ensorcelled Hibernat  Hex/Ice        30%        N/A       5%          2
b - Tukima's Dance        Hex            26%        N/A       3%          3
c - Dazzling Flash        Conj/Hex       30%        N/A       11%         3
d - Confusing Touch       Hex            26%        N/A       3%          3

Your spell library contained the following spells:

 Spells                   Type           Power      Damage    Failure   Level
 Inner Flame              Hex/Fire       15%        N/A       11%         3
 Foxfire                  Conj/Fire      16%        2x1d4     14%         1
 Conjure Flame            Conj/Fire      4%         6-21      38%         3
 Flame Wave               Conj/Fire      4%         2d5       80%         4


Dungeon Overview and Level Annotations

Branches:
Dungeon (4/15)            Ossuary (1/1)
 Temple: D:4-7

Altars:


Innate Abilities, Weirdness & Mutations

You are very small and have problems with some larger weapons.
You are too small for most types of armour.
You have supernaturally acute eyesight. (SInv)
You cover ground extremely quickly. (Speed+++)


Message History

You hit the goblin zombie.
The goblin zombie is severely damaged.
The goblin zombie hits you.
You completely miss the goblin zombie.
The goblin zombie is severely damaged.
The goblin zombie closely misses you.
You hit the goblin zombie.
You destroy the goblin zombie!
No target in view!
No target in view!
HP restored.
You open the door.
There is an open door here.
p - a scroll of identify
As you read the scroll of identify, it crumbles to dust.
o - 2 potions of berserk rage Unknown command.
There is an open door here.
You open the door.
A mummy comes into view.
Found a scroll labelled KIUZOB SAEQ.
The mummy misses you.
There is an open door here.
You hit the mummy.
The mummy is lightly damaged.
Casting: Confusing Touch (dangerous; 3% risk of failure)
Confirm with . or Enter, or press ? or * to list all spells.
Your hands begin to glow red.
The mummy completely misses you.
Unknown command.
Unknown command.
You hit the mummy but do no damage.
The mummy is lightly damaged.
The mummy hits you!
You barely miss the mummy.
The mummy is lightly damaged.
You hit the mummy but do no damage.
The mummy is lightly damaged.
The mummy hits you!
Ouch! That really hurt!
You die...

... ##.. ..# ... #..# #..
#..####..#+#..#+#..#+#..# ..#
#........#.#..#.#..#.#... ...#
#........................ ...#
#..# ##.......###.......# #..#
#..# +....8...#M#...8.... #..#
#..####.......#@#.......####..#
#.............#.#.............##
#.............................##
#..####..####.....####..####..'.
#..# +...#.'...8...+ #...+ #..'.
#..####..####.....####..####..'.
#.............................##
#.............#.#.............##
#..####.......#+#.......####..#


You could see a mummy.

Vanquished Creatures
  An elf zombie (Ossuary)
  A human zombie (D:4)
  An orc priest (D:3)
  3 gnolls (D:2)
  5 adders
  A worm zombie (D:4)
  An adder skeleton (D:3)
  2 worms
  8 orcs
  3 bats
  5 endoplasms
  2 giant cockroaches (D:1)
  6 goblins
  6 hobgoblins
  19 jackals
  2 quokkas
  2 ball pythons
  4 frilled lizards
  4 goblin zombies (Ossuary)
  4 hobgoblin zombies (Ossuary)
  3 kobolds
  A kobold zombie (Ossuary)
  4 rats
88 creatures vanquished.

Vanquished Creatures (collateral kills)
  An orc (D:3)
1 creature vanquished.

Vanquished Creatures (others)
  3 dancing weapons
  A plant (D:2)
4 creatures vanquished.

Grand Total: 93 creatures vanquished

Notes
Turn   | Place    | Note
-------+----------+-------------------------------------------
     0 | D:1      | Bzinder the Spriggan Enchanter began the quest for the Orb.
     0 | D:1      | Reached XP level 1. HP: 9/9 MP: 5/5
   211 | D:1      | Reached skill level 4 in Hexes
   396 | D:1      | Reached XP level 2. HP: 13/13 MP: 7/7
   403 | D:1      | Learned a level 2 spell: Ensorcelled Hibernation
   785 | D:1      | Found a faded altar of an unknown god.
  1257 | D:1      | Reached XP level 3. HP: 15/16 MP: 9/9
  1261 | D:1      | Learned a level 3 spell: Tukima's Dance
  1265 | D:1      | Learned a level 3 spell: Dazzling Flash
  3030 | D:2      | Reached XP level 4. HP: 21/21 MP: 11/11
  3225 | D:2      | Reached skill level 5 in Hexes
  4143 | D:2      | Learned a level 3 spell: Confusing Touch
  4264 | D:3      | Reached skill level 5 in Spellcasting
  4264 | D:3      | Reached XP level 5. HP: 18/24 MP: 3/13
  5240 | D:4      | Found a sand-covered staircase.
  5283 | D:4      | Reached skill level 5 in Stealth
  5283 | D:4      | Reached skill level 6 in Hexes
  5408 | Ossuary  | Entered an ossuary
  5408 | Ossuary  | Noticed a wraith
  5408 | Ossuary  | Noticed a wraith
  5408 | Ossuary  | Noticed a wraith
  5626 | Ossuary  | Reached XP level 6. HP: 28/28 MP: 12/15
  5696 | Ossuary  | Slain by a mummy

Illustrated notes

Levels and vault maps discovered:
D:1:      minmay_arrival_arboretum_large, layout_basic,
          hellmonk_ecumenical_altar_dog_temple, minivault_27
D:2:      layout_loops_corners, nicolae_grassy_gnolls
D:3:      layout_rooms
D:4:      layout_layer_cave, enter_ossuary_3, serial_shops, shop, uniq_duvessa,
          uniq_ijyb
Ossuary:  ossuary_kennysheep_city_of_the_dead

Skill      XL: |  1  2  3  4  5 |
---------------+----------------+-----
Spellcasting   | 3 4 5 |  5.6
Hexes          | 4 5 6 |  6.2
Stealth        | 5 |  5.4
Short Blades   | |  1.1
Dodging        | |  2.6

Action                   |  1- 3 |  4- 6 || total
-------------------------+-------+-------++-------
Melee: Dagger            |   158 |   166 ||   324
       Punch             |     1 |     1 ||     2
Throw: Dart              |     7 |       ||     7
 Cast: Ensorcelled Hiber |    23 |    22 ||    45
       Tukima's Dance    |     2 |     2 ||     4
       Dazzling Flash    |     2 |       ||     2
       Confusing Touch   |       |     4 ||     4
  Use: Scroll            |     3 |     2 ||     5
 Stab: Sleeping          |    15 |    17 ||    32
       Distracted        |     1 |       ||     1
       Confused          |       |     5 ||     5
Armor: Robe              |    23 |    16 ||    39
Dodge: Dodged            |   133 |   100 ||   233

Table legend: (Time is in decaauts)
 A = Elapsed time spent in this place.
 B = Non-inter-level travel time spent in this place.
 C = Inter-level travel time spent in this place.
 D = Time resting spent in this place.
 E = Time spent auto-exploring this place.
 F = Levels seen in this place.
 G = Mean time per level.
                   A        B        C        D        E       F      G
               +--------+--------+--------+--------+--------+-----+--------+
         Total |   4736 |   4650 |     86 |   1297 |   2375 |   5 |  947.2 |
       Dungeon |   4500 |   4414 |     86 |   1277 |   2237 |   4 | 1125.0 |
       Ossuary |    235 |    235 |      0 |     20 |    138 |   1 |  235.0 |
               +--------+--------+--------+--------+--------+-----+--------+

Top non-repeatable levels by time:
     D:2: 2226 daAuts
     D:1: 1250 daAuts
     D:3: 869 daAuts
 Ossuary: 235 daAuts
     D:4: 154 daAuts
